 Dungeon Crawl Stone Soup version 0.29.1-1-gd02db6906a (webtiles) character file.

Game seed: 14616305005401371296

20300 Ijustatesigmund the Fighter (level 12, -1/65 HPs)
             Began as a Gargoyle Fighter on Sept 21, 2022.
             Was a High Priest of Cheibriados.
             Slain by a deep troll simulacrum (10 damage)
             ... in an ice cave.
             The game lasted 00:25:46 (14216 turns).

Ijustatesigmund the Fighter (Gargoyle Fighter)     Turns: 14216, Time: 00:25:46

Health: -1/65      AC: 37    Str: 37    XL:     12   Next: 78%
Magic:  19/19      EV: 12    Int: 24    God:    Cheibriados [*****.]
Gold:   711        SH:  7    Dex: 20    Spells: 11/11 levels left

rFire   x . .      SeeInvis .   g - +7 flail "Dilarr" {elec, Will+}
rCold   + . .      Faith    .   c - +1 buckler
rNeg    + . .      Spirit   .   E - +18 Lear's hauberk
rPois   ∞          Reflect  .   (helmet currently unavailable)
rElec   +          Harm     .   (no cloak)
rCorr   .          Rampage  .   (gloves currently unavailable)
Will    +....                   (boots currently unavailable)
Stlth   ..........              (no amulet)
HPRegen 1.00/turn               J - +4 ring of protection
MPRegen 0.16/turn               q - ring of ice

@: very slow
A: sickness immunity, AC +8, negative energy resistance 1, electricity
resistance, torment resistance 1, petrification resistance, clever 1, deformed
body, frail 2, regeneration 1, wild magic 1
a: Renounce Religion, Bend Time, Temporal Distortion, Slouch, Step From Time


You were in an ice cave.
You worshipped Cheibriados.
Cheibriados was extremely pleased with you.
You visited 2 branches of the dungeon, and saw 15 of its levels.
You also visited: Ice Cave.

You collected 825 gold pieces.
You spent 114 gold pieces at shops.

Inventory:

Hand Weapons
 a - a +4 flail
 g - the +7 flail "Dilarr" (weapon) {elec, Will+}
   (You found it on level 2 of the Dungeon)

   It occasionally discharges a powerful burst of electricity upon striking a
   foe.
   Will:      It increases your willpower.
Armour
 b - a +0 chain mail
 c - a +1 buckler (worn)
 p - a +1 pair of gloves
 s - a +2 hat of see invisible
 E - the +18 Lear's hauberk (worn)
   (You found it on level 10 of the Dungeon)
Jewellery
 n - the ring "Osonummi" {+Blink Fly Int+4}
   (You bought it in a shop on level 4 of the Dungeon)

   [ring of flight]

   Int:       It affects your intelligence (+4).
   Fly:       It grants you flight.
   +Blink:    It lets you blink.
 q - a ring of ice (right hand)
 C - a ring of resist corrosion
 J - a +4 ring of protection (left hand)
Wands
 v - a wand of mindburst (6)
 w - a wand of digging (4)
 y - a wand of flame (33)
 A - a wand of charming (17)
Scrolls
 f - 4 scrolls of silence
 m - 3 scrolls of teleportation
 r - a scroll of blinking
 u - a scroll of magic mapping
 x - 4 scrolls of identify
 z - 5 scrolls of enchant weapon
 B - 3 scrolls of brand weapon
 D - a scroll of immolation
 H - a scroll of enchant armour
 I - a scroll of summoning
Potions
 d - 2 potions of might
 e - a potion of heal wounds
 h - 5 potions of haste
 i - a potion of berserk rage
 j - 8 potions of curing
 k - 5 potions of invisibility
 l - 4 potions of flight
 o - 3 potions of ambrosia
 t - 2 potions of brilliance
 F - a potion of magic
 G - 3 potions of attraction
 L - a potion of lignification
Miscellaneous
 K - a condenser vane


   Skills:
 + Level 12.4 Fighting
 + Level 11.2 Maces & Flails
 + Level 7.2 Armour
 - Level 4.9 Dodging
 - Level 5.9 Shields
 + Level 10.4 Invocations
 - Level 3.6 Evocations


You had 11 spell levels left.
You didn't know any spells.
Your spell library contained the following spells:

 Spells                   Type           Power      Damage    Failure   Level
 Sandblast                Erth           0%         2d4       63%         1
 Blink                    Tloc           0%         N/A       75%         2
 Passwall                 Tmut/Erth      0%         N/A       75%         2
 Call Canine Familiar     Summ           0%         N/A       92%         3
 Confusing Touch          Hex            0%         N/A       92%         3
 Conjure Flame            Conj/Fire      0%         6-21      92%         3
 Dazzling Flash           Conj/Hex       0%         N/A       92%         3
 Gell's Gravitas          Tloc           0%         N/A       92%         3
 Ignite Poison            Fire/Tmut/Pois 0%         N/A       92%         3
 Portal Projectile        Hex/Tloc       0%         N/A       92%         3
 Stone Arrow              Conj/Erth      0%         3d7       92%         3
 Teleport Other           Tloc           0%         N/A       92%         3
 Cause Fear               Hex            0%         N/A       100%        4
 Leda's Liquefaction      Hex/Erth       0%         N/A       100%        4
 Petrify                  Tmut/Erth      0%         N/A       100%        4
 Sticky Flame             Conj/Fire      0%         2d3       100%        4
 Agony                    Necr           0%         N/A       100%        5
 Irradiate                Conj/Tmut      0%         3d11      100%        5
 Manifold Assault         Tloc           0%         N/A       100%        5
 Silence                  Hex/Air        0%         N/A       100%        5
 Yara's Violent Unravell  Hex/Tmut       0%         3d3       100%        5
 Dispersal                Tloc           0%         N/A       100%        6
 Dragon Form              Tmut           0%         N/A       100%        7
 Enfeeble                 Hex            0%         N/A       100%        7
 Storm Form               Tmut/Air       0%         N/A       100%        7
 Dragon's Call            Summ           0%         N/A       100%        9
 Sublimation of Blood     Necr           Unusable   N/A       N/A         2

Dungeon Overview and Level Annotations

Branches:
Dungeon (14/15)            Temple (1/1) D:4            Lair (0/5) D:10
    Orc (0/2) D:9           IceCv (1/1)
 Vaults: D:13-14

Altars:
Ashenzari
Cheibriados
Dithmenos
Elyvilon
Fedhas
Gozag
Hepliaklqana
Kikubaaqudgha
Makhleb
Nemelex Xobeh
Okawaru
Qazlal
Ru
Sif Muna
Trog
Uskayaw
Vehumet
Wu Jian
Xom
Yredelemnul
Zin
The Shining One

Shops:
D:4 *   D:9 *:


Innate Abilities, Weirdness & Mutations

You are immune to sickness and miasma.
Your stone body is resilient. (AC +8)
You are immune to poison.
You resist negative energy. (rN+)
You are resistant to electric shocks. (rElec)
You are resistant to unholy torment.
You are immune to petrification.
Your mind is acute. (Int +4, Str/Dex -1)
Armour fits poorly on your strangely shaped body.
You are very frail. (-20% HP)
Your natural rate of healing is unusually fast.
Your spells are a little harder to cast, but a little more powerful.


Message History

The minotaur simulacrum gores you but does no damage.
You hit the minotaur simulacrum.
The minotaur simulacrum is heavily damaged.
The minotaur simulacrum hits you but does no damage.
The minotaur simulacrum misses you.
You hit the minotaur simulacrum.
The minotaur simulacrum is heavily damaged.
The deep troll simulacrum barely misses you.
The deep troll simulacrum claws you but does no damage. x2
You bludgeon the minotaur simulacrum!!
The minotaur simulacrum is almost destroyed.
The minotaur simulacrum hits you. The minotaur simulacrum freezes you!
You resist.
The minotaur simulacrum gores you but does no damage.
You hit the minotaur simulacrum but do no damage.
The minotaur simulacrum is almost destroyed.
The deep troll simulacrum barely misses you.
The deep troll simulacrum closely misses you.
You block the deep troll simulacrum's attack.
The minotaur simulacrum hits you! The minotaur simulacrum freezes you!
You resist.
The minotaur simulacrum barely misses you.
You bludgeon the minotaur simulacrum!!
Lightning courses through the minotaur simulacrum!
The minotaur simulacrum vaporises!
Cheibriados appreciates the change of pace.
You block the deep troll simulacrum's attack.
The deep troll simulacrum claws you but does no damage.
The deep troll simulacrum claws you. The deep troll simulacrum freezes you!
You resist.
Aiming: Throw Flame
Press: ? - help, Shift-Dir - straight line, f - deep troll simulacrum
Aim: a deep troll simulacrum (90% to hit)
The puff of flame hits the deep troll simulacrum!
The deep troll simulacrum melts!
The deep troll simulacrum is heavily damaged.
The deep troll simulacrum bites you!
* * * LOW HITPOINT WARNING * * *
The deep troll simulacrum freezes you! You resist.
You die...

##### ****** ###...##
*******,,,,** ##......#
*,**,,,**,*,** ##...##..#
,*,,,*****,*,*###...##...#
,*,,** *,,,**##...####..##
,**** **,⌠,*#...####...#
,,** **,,,##.@# #....#
*,,** *,,**#Z○#*##..∩#
,,,,*** *,,**##..*#∩..##
****,,*****,,*,....#####
** **,,,****,,,.#.## ,**
*,,***,***##*##
,,****,,,,*,,,,*
*,,****,,*****,***
*,,,****,,,,,,*,,*


You could see a deep troll simulacrum.

Vanquished Creatures
  Josephine (D:12)
  A two-headed ogre (D:13)
  2 tengu warriors (D:13)
  The ghost of dvd2 the Cleaver, a novice FoFi of Okawaru (D:7)
  2 manticores
  An ugly thing (D:13)
  A cyclops (D:13)
  3 gargoyles
  2 unseen horrors
  2 kobold demonologists
  3 komodo dragons
  A freezing wraith (IceCv)
  An ice devil (IceCv)
  5 trolls
  7 slime creatures
  6 shadows
  A wyvern (D:10)
  Eustachio (D:4)
  17 yaks
  A hog (shapeshifter) (D:11)
  A steam dragon (D:8)
  7 wraiths
  Edmund (D:4)
  2 minotaur simulacra (IceCv)
  3 vampire mosquitoes (D:13)
  Menkaure (D:4)
  3 acid dragons
  An orc warrior (D:10)
  A black bear (D:5)
  An ice beast (D:7)
  2 ogres (D:6)
  2 centaurs
  2 phantoms
  A gnoll sergeant (D:13)
  A kobold brigand (D:10)
  2 bullfrogs
  A necrophage (D:4)
  12 wights
  Dowan (D:5)
  17 killer bees
  A lindwurm simulacrum (IceCv)
  7 electric eels
  A howler monkey (D:8)
  2 jellies (D:4)
  7 orc priests
  A gnoll bouda (D:8)
  6 hounds
  Natasha (thrice) (D:3)
  4 iguanas
  8 orc wizards
  21 gnolls
  6 adders
  4 shadow imps (D:5)
  A white imp (D:6)
  2 ufetubi
  A worm (D:2)
  3 dart slugs
  30 orcs
  6 ball pythons
  4 bats
  4 endoplasms
  2 giant cockroaches (D:4)
  6 goblins
  4 hobgoblins
  12 kobolds
  5 quokkas
  6 frilled lizards
  5 rats
  A spectral orc (D:9)
284 creatures vanquished.

Vanquished Creatures (others)
  Duvessa (D:5)
  An ice beast (D:5)
  Ijyb (D:5)
  An orc wizard (D:6)
  38 plants
42 creatures vanquished.

Grand Total: 326 creatures vanquished

Notes
Turn   | Place    | Note
-------+----------+-------------------------------------------
     0 | D:1      | Ijustatesigmund the Gargoyle Fighter began the quest for
                  | the Orb.
     0 | D:1      | Reached XP level 1. HP: 14/14 MP: 1/1
   229 | D:1      | Reached XP level 2. HP: 19/19 MP: 2/2
  1153 | D:1      | Gained mutation: You passively dampen the noise of your
                  | surroundings. [potion of mutation]
  1153 | D:1      | Gained mutation: You are clumsy. (Dex -2) [potion of
                  | mutation]
  1153 | D:1      | Gained mutation: You are covered in fur. (AC +1) [potion of
                  | mutation]
  1223 | D:2      | Reached XP level 3. HP: 18/24 MP: 3/3
  1228 | D:2      | Reached skill level 4 in Fighting
  1724 | D:2      | Found a white marble altar of Elyvilon.
  1803 | D:2      | Found a faded altar of an unknown god.
  1837 | D:2      | Identified the +7 flail "Dilarr" {elec, Will+}
  2040 | D:3      | Found a hide-covered altar of Uskayaw.
  2040 | D:3      | Found a sparkling altar of Nemelex Xobeh.
  2040 | D:3      | Found a glowing silver altar of Zin.
  2071 | D:3      | Reached XP level 4. HP: 30/30 MP: 4/4
  2177 | D:3      | Found a glowing golden altar of the Shining One.
  2588 | D:3      | Reached XP level 5. HP: 34/34 MP: 5/5
  2600 | D:3      | Noticed Natasha
  2610 | D:3      | Killed Natasha
  2756 | D:3      | Noticed Natasha
  2759 | D:3      | Killed Natasha
  2760 | D:3      | Reached skill level 5 in Fighting
  2860 | D:3      | Noticed Natasha
  2865 | D:3      | Killed Natasha
  3396 | D:4      | Noticed Eustachio
  3417 | D:4      | Killed Eustachio
  3418 | D:4      | Reached XP level 6. HP: 39/40 MP: 6/6
  3518 | D:4      | Noticed Edmund
  3531 | D:4      | Killed Edmund
  3532 | D:4      | Reached skill level 6 in Fighting
  3532 | D:4      | Reached skill level 5 in Maces & Flails
  3532 | D:4      | Reached skill level 5 in Armour
  3532 | D:4      | Reached XP level 7. HP: 25/46 MP: 7/7
  3758 | D:4      | Found Vysh's Assorted Antiques.
  3768 | D:4      | Bought a transparent golden ring for 95 gold pieces
  3768 | D:4      | Identified the ring "Osonummi" {+Blink Fly Int+4} (You
                  | bought it in a shop on level 4 of the Dungeon)
  3768 | D:4      | Bought a scroll labelled MIGEOVOFOJ for 19 gold pieces
  3966 | D:4      | Found a staircase to the Ecumenical Temple.
  4101 | D:4      | Noticed Menkaure
  4105 | D:4      | Killed Menkaure
  4271 | D:4      | Reached XP level 8. HP: 51/52 MP: 8/8
  4425 | Temple   | Entered the Ecumenical Temple
  4535 | Temple   | Became a worshipper of Cheibriados the Contemplative
  4607 | D:5      | Entered Level 5 of the Dungeon
  4641 | D:5      | Killed Duvessa
  4684 | D:5      | Found a hazy altar of Hepliaklqana.
  4706 | D:5      | Reached skill level 7 in Fighting
  4706 | D:5      | Reached skill level 1 in Invocations
  4713 | D:5      | Reached skill level 1 in Evocations
  4724 | D:5      | Identified a scroll of acquirement
  4724 | D:5      | Acquired a +2 hat of see invisible
  4745 | D:5      | Found a blossoming altar of Fedhas.
  4806 | D:5      | Noticed Dowan
  4810 | D:5      | Killed Ijyb
  4816 | D:5      | Killed Dowan
  5145 | D:5      | Reached * piety under Cheibriados
  5308 | D:5      | Found a transporter.
  5308 | D:5      | Noticed a kobold demonologist
  5826 | D:5      | Found a shimmering blue altar of Sif Muna.
  5848 | D:5      | Found a transporter.
  6223 | D:5      | Killed a kobold demonologist
  6327 | D:5      | Reached XP level 9. HP: 57/58 MP: 11/11
  6567 | D:6      | Found an ornate altar of the Wu Jian Council.
  6632 | D:6      | Noticed an unseen horror
  6637 | D:6      | Killed an unseen horror
  6638 | D:6      | Reached skill level 8 in Fighting
  6944 | D:6      | Reached ** piety under Cheibriados
  7855 | D:7      | Reached skill level 5 in Invocations
  8127 | D:7      | Found a runed translucent door.
  8131 | D:7      | Noticed dvd2's ghost (novice FoFi)
  8144 | D:7      | Killed dvd2's ghost
  8145 | D:7      | Reached skill level 9 in Fighting
  8145 | D:7      | Reached XP level 10. HP: 52/66 MP: 12/14
  8645 | D:8      | Found a sacrificial altar of Ru.
  8863 | D:8      | Reached skill level 5 in Shields
  8870 | D:8      | Reached *** piety under Cheibriados
  9364 | D:8      | Found a radiant altar of Vehumet.
  9580 | D:9      | Reached **** piety under Cheibriados
  9669 | D:10     | Entered Level 10 of the Dungeon
  9669 | D:10     | Found the +18 Lear's hauberk
  9675 | D:10     | Reached skill level 1 in Dodging
  9762 | D:10     | Reached skill level 10 in Fighting
 10137 | D:10     | Found an opulent altar of Gozag.
 10137 | D:10     | Found a shadowy altar of Dithmenos.
 10427 | D:10     | Reached XP level 11. HP: 58/72 MP: 16/16
 10605 | D:10     | Found a staircase to the Lair.
 11022 | D:9      | Found Iatia's Incredible Inventory.
 11391 | D:9      | Found Qaebej's Book Shoppe.
 11538 | D:9      | Found a basalt altar of Yredelemnul.
 11621 | D:9      | Identified the +5 ring mail of the Moneychanger {rPois}
 11652 | D:9      | Reached ***** piety under Cheibriados
 11687 | D:9      | Found a staircase to the Orcish Mines.
 12211 | D:11     | Gained mutation: You are frail. (-10% HP) [a neqoxec]
 12214 | D:11     | Noticed a soul eater
 12247 | D:11     | Lost mutation: You are frail. (-10% HP) [potion of
                  | mutation]
 12247 | D:11     | Lost mutation: You passively dampen the noise of your
                  | surroundings. [potion of mutation]
 12247 | D:11     | Lost mutation: You are clumsy. (Dex -2) [potion of
                  | mutation]
 12247 | D:11     | Gained mutation: You have hidden genetic defects. [potion
                  | of mutation]
 12247 | D:11     | Gained mutation: Your natural rate of healing is unusually
                  | fast. [potion of mutation]
 12247 | D:11     | Gained mutation: You have supernaturally acute eyesight.
                  | (SInv) [potion of mutation]
 12466 | D:12     | Reached skill level 11 in Fighting
 12486 | D:12     | Noticed Josephine
 12504 | D:12     | Killed Josephine
 12505 | D:12     | Reached skill level 10 in Maces & Flails
 12536 | D:12     | Gained mutation: Armour fits poorly on your strangely
                  | shaped body. [hidden defects]
 12636 | D:12     | Reached XP level 12. HP: 62/80 MP: 18/18
 12744 | D:12     | Gained mutation: You are frail. (-10% HP) [hidden defects]
 12744 | D:12     | Lost mutation: You have hidden genetic defects. [hidden
                  | defects expressed]
 13353 | D:13     | Lost mutation: You have supernaturally acute eyesight.
                  | (SInv) [potion of mutation]
 13353 | D:13     | Lost mutation: You are covered in fur. (AC +1) [potion of
                  | mutation]
 13353 | D:13     | Gained mutation: Your spells are a little harder to cast,
                  | but a little more powerful. [potion of mutation]
 13353 | D:13     | Gained mutation: You are very frail. (-20% HP) [potion of
                  | mutation]
 13353 | D:13     | Gained mutation: Your mind is acute. (Int +4, Str/Dex -1)
                  | [potion of mutation]
 13354 | D:13     | Noticed a two-headed ogre
 13358 | D:13     | Killed a two-headed ogre
 13380 | D:13     | Reached skill level 12 in Fighting
 13490 | D:13     | Identified the +4 flail of the Lusting Gods {distort, rElec
                  | Dex+6}
 13508 | D:13     | Noticed a tengu warrior
 13508 | D:13     | Noticed a tengu warrior
 13522 | D:13     | Killed a tengu warrior
 13523 | D:13     | Reached skill level 10 in Invocations
 13528 | D:13     | Killed a tengu warrior
 14100 | D:14     | Found a frozen archway.
 14112 | IceCv    | Entered an ice cave
 14144 | IceCv    | HP: 3/65 [lindwurm simulacrum (7)]
 14216 | IceCv    | Slain by a deep troll simulacrum

Illustrated notes

Levels and vault maps discovered:
D:1:      arrival_zaba_pyramid, layout_basic, hangedman_decor_points,
          minmay_statues_item
D:2:      layout_basic, shapermc_ecumenical_altar_acropolis, basic_altar,
          chequers_avenue
D:3:      layout_loops_cross, tso_metal_star,
          gammafunk_temple_overflow_forgotten, grunt_ministairs_7, uniq_natasha
D:4:      layout_rooms, minmay_temple_entry_fiery, serial_shops, shop_statue,
          uniq_menkaure, uniq_edmund, uniq_eustachio
D:5:      gammafunk_wand_slinger, layout_loops_ring,
          mainiacjoe_overflow_cross_hatched, nicolae_overflow_crystal_walls,
          kennysheep_mini, lemuel_flamethrower_2, uniq_ijyb, uniq_duvessa
D:6:      layout_loops_ring, nzn_wu_jian_council_hall
D:7:      layout_cave_pods, gammafunk_ghost_grave
D:8:      layout_basic, nicolae_ru_awakened_eye, kennysheep_mini_moat,
          serial_bayou_ford_a
D:9:      layout_roguey, yredelemnul_forgotten_temple_becter, orc_0_dummy,
          serial_shops, shop, nicolae_alphabet_shops, chequers_big_river,
          serial_bayou_lagoon_a, minmay_misc_feat_doors
D:10:     layout_rooms, gammafunk_temple_overflow_elements, david_lair_shrubbed
D:11:     layout_rooms
D:12:     layout_long_grid, uniq_josephine
D:13:     layout_stronghold
D:14:     layout_irregular_city, erik_vaults_2,
          portal_ice_cave_entry_pillars_three
Temple:   kb_temple_of_zot
IceCv:    ice_cave_caverns_03

Skill      XL: |  1  2  3  4  5  6  7  8  9 10 11 12 |
---------------+-------------------------------------+-----
Fighting       | 4 5 6 7 9 10 11 12 | 12.4
Maces & Flails | 3 4 5 6 7 9 10 11 | 11.2
Armour         | 4 5 7 |  7.2
Invocations    | 3 5 7 9 10 | 10.4
Evocations     | 2 3 |  3.6
Shields        | 4 5 |  5.9
Dodging        | 2 4 |  4.9

Action                   |  1- 3 |  4- 6 |  7- 9 | 10-12 || total
-------------------------+-------+-------+-------+-------++-------
Melee: Flail             |    94 |    86 |   216 |   474 ||   870
Invok: Slouch            |       |       |       |     2 ||     2
Evoke: Wand              |       |       |     6 |    13 ||    19
  Use: Scroll            |    12 |       |    10 |     7 ||    29
       Potion            |     1 |       |       |     4 ||     5
Armor: Scale mail        |    51 |    34 |    84 |       ||   169
       Chain mail        |       |       |    29 |   405 ||   434
Dodge: Dodged            |    35 |    28 |    88 |   268 ||   419
Block: Buckler           |    19 |    18 |    53 |   198 ||   288
